 Dungeon Crawl Stone Soup version 0.18.1-1-g2f07953 (webtiles) character file.

189 Chiseanne the Skirmisher (level 5, -2/61 HPs)
             Began as an Ogre Air Elementalist on May 7, 2016.
             Slain by Grinder (5 damage)
             ... on level 3 of the Dungeon.
             The game lasted 00:06:23 (4060 turns).

Chiseanne the Skirmisher (Ogre Air Elementalist)    Turns: 4060, Time: 00:06:23

Health: -2/61      AC:  3    Str: 12 (13) XL:     5   Next: 68%
Magic:  8/8        EV: 15    Int: 16 (19) God:
Gold:   146        SH:  0    Dex: 13 (16) Spells: 2 memorised, 5 levels left

rFire  + . .     SeeInvis .     a - +1 hand axe
rCold  + . .     Gourm    .     f - +0 robe
rNeg   . . .     Faith    .     (no shield)
rPois  +         Spirit   .     (helmet restricted)
rElec  +         Dismiss  .     (no cloak)
rCorr  +         Reflect  .     (gloves unavailable)
SustAt .         Harm     .     (boots unavailable)
MR     .....                    (no amulet)
Stlth  +++.......               (no ring)
                                (no ring)

@: brilliant, agile, resistant, very slightly contaminated, repel missiles, not
resistant to hostile enchantments, fairly stealthy
A: unfitting armour, tough skin 1
a: no special abilities


You were on level 3 of the Dungeon.
You were not hungry.

You visited 1 branch of the dungeon, and saw 3 of its levels.

You collected 146 gold pieces.

Inventory:

Hand Weapons
 a - a +1 hand axe (weapon)
 g - a +0 hunting sling
Missiles
 d - 26 poisoned needles
 h - 29 bolts
 j - 52 stones (quivered)
 k - 26 sling bullets
Armour
 f - a +0 robe (worn)
Scrolls
 e - a scroll of remove curse
 l - a scroll of immolation
 m - a scroll of amnesia {unknown}
 n - a scroll of enchant armour {unknown}
 u - a scroll of teleportation
Potions
 i - a potion of degeneration
 s - a potion of ambrosia {unknown}
Books
 b - a book of Air

   Spells                             Type                      Level
   a - Shock                          Conjuration/Air              1
   b - Swiftness                      Charms/Air                   2
   c - Repel Missiles                 Charms/Air                   2
   d - Static Discharge               Conjuration/Air              3
   e - Lightning Bolt                 Conjuration/Air              5
Comestibles
 c - 3 bread rations
 t - 2 slices of pizza


   Skills:
 + Level 6.9 Fighting
 - Level 1.7 Dodging
 - Level 1.5 Stealth
 - Level 2.4 Spellcasting
 - Level 0.6 Conjurations
 - Level 2.1 Air Magic


You had 5 spell levels left.
You knew the following spells:

 Your Spells              Type           Power        Failure   Level  Hunger
a - Shock                 Conj/Air       ###.         1%          1    #......
b - Repel Missiles        Chrm/Air       ###...       2%          2    ###....


Dungeon Overview and Level Annotations

Branches:
Dungeon (3/15)

Altars:
Elyvilon
Trog

Annotations:
D:3 Grinder


Innate Abilities, Weirdness & Mutations

You are too large for most types of armour.
You have tough skin (AC +1).


Message History

You struggle to resist.
You closely miss Grinder.
Grinder is severely wounded.
Grinder closely misses you.
Drink which item? (? for menu, Esc to quit)
It was a potion of resistance.
You feel protected. Grinder closely misses you.
Drink which item? (? for menu, Esc to quit)
It was a potion of brilliance.
You feel clever all of a sudden. Grinder hits you.
* * * LOW HITPOINT WARNING * * *
You writhe in agony.
* * * LOW HITPOINT WARNING * * *
Drink which item? (? for menu, Esc to quit)
It was a potion of agility.
You feel agile all of a sudden. Grinder hits you.
You die...

#.. #.# #.# #.# ###.#####
### ## #........ #.# ..
#....#########.# #.#
..##########((((@.........#
#.#
............>..5#########.#
#.#
>..............(..........#
#.#
....###...##....########..#
#.# .##.# #...##..(.#
###..# #.# .##.#
#...##....# #....# #.#
.##.# #...##....#
#.##.####.# .##.#
#...##(...# #.........#
.##.###...##....####
####.###..#


You could see Grinder.

Vanquished Creatures
  A giant frog (D:3)
  3 gnolls (D:2)
  An adder (D:3)
  2 oozes
  2 worms (D:2)
  4 dart slugs
  2 giant geckos (D:1)
  4 orcs (D:3)
  5 giant cockroaches
  8 goblins
  4 hobgoblins
  4 jackals (D:1)
  A quokka (D:2)
  2 ball pythons
  8 bats
  A giant newt (D:1)
  6 kobolds
  A rat (D:2)
59 creatures vanquished.

Vanquished Creatures (others)
  A bat (D:2)
1 creature vanquished.

Grand Total: 60 creatures vanquished

Notes
Turn   | Place    | Note
--------------------------------------------------------------
     0 | D:1      | Chiseanne the Ogre Air Elementalist began the quest for the Orb.
     0 | D:1      | Reached XP level 1. HP: 16/16 MP: 3/3
    61 | D:1      | Reached skill level 1 in Fighting
    69 | D:1      | Reached skill level 2 in Fighting
    70 | D:1      | Reached XP level 2. HP: 15/28 MP: 5/5
   445 | D:1      | Reached skill level 3 in Fighting
   556 | D:1      | Reached XP level 3. HP: 15/37 MP: 6/6
  1007 | D:1      | Reached skill level 4 in Fighting
  1643 | D:2      | Found a white marble altar of Elyvilon.
  1711 | D:2      | Reached XP level 4. HP: 16/49 MP: 1/7
  1716 | D:2      | HP: 1/49 [gnoll/halberd (10)]
  2020 | D:3      | Learned a level 2 spell: Repel Missiles
  2143 | D:3      | Noticed a giant frog
  2154 | D:3      | Killed a giant frog
  2154 | D:3      | Reached skill level 6 in Fighting
  2154 | D:3      | Reached XP level 5. HP: 34/59 MP: 8/8
  3394 | D:3      | Found a bloodstained altar of Trog.
  3993 | D:3      | Noticed Grinder
  3994 | D:3      | Paralysed by Grinder for 5 turns
  4059 | D:3      | HP: 3/61 [Grinder (5)]
  4060 | D:3      | Slain by Grinder

Skill      XL: |  1  2  3  4 |
---------------+-------------+-----
Fighting       | 2 3 4 6 |  6.9
Dodging        | |  1.7
Stealth        | |  1.5
Spellcasting   | |  2.4
Conjurations   | |  0.6
Air Magic      | |  2.1

Action                   |  1- 3 |  4- 6 || total
-------------------------+-------+-------++-------
Melee: Hand axe          |   121 |   140 ||   261
 Fire: Hunting sling     |       |    12 ||    12
Throw: Stone             |     4 |     5 ||     9
 Cast: Shock             |     8 |       ||     8
       Repel Missiles    |       |     1 ||     1
  Use: Scroll            |     4 |     2 ||     6
       Potion            |     1 |     7 ||     8
 Stab: Sleeping          |     3 |       ||     3
  Eat: Chunk             |     1 |     7 ||     8
       Fruit             |       |     3 ||     3
Armor: Robe              |    56 |    47 ||   103
Dodge: Dodged            |   107 |    89 ||   196
